 Dungeon Crawl Stone Soup version 0.31-a0-810-ga77100ea1a (webtiles) character file.

Game seed: 14406601295784865307

591 wildpjah the Covered (level 7, -1/55 HPs)
             Began as a Formicid Fighter on Sept 21, 2023.
             Slain by Duvessa
             ... wielding a +7 short sword of venom
              (3 damage)
             ... on level 4 of the Dungeon.
             The game lasted 00:05:22 (3220 turns).

wildpjah the Covered (Formicid Fighter)             Turns: 3220, Time: 00:05:23

Health: -1/55      AC: 12    Str: 22    XL:     7   Next: 66%
Magic:  7/7        EV:  6    Int:  8    God:
Gold:   153        SH:  5    Dex: 13    Spells: 6/6 levels left

rFire   + + .        l - +4 whip of the Singing King {holy, rF+ SInv}
rCold   + + .        c - +0 buckler
rNeg    . . .        i - +0 plate armour
rPois   .            (helmet unavailable)
rElec   .            o - scarf {rC+ rF+}
rCorr   .            (no gloves)
SInv    +            (no boots)
Will    .....        (no amulet) Stlth
                     g - ring of protection from cold
HPRegen 0.29/turn    (no ring)
MPRegen 0.10/turn

%: no passive effects
@: lethally poisoned (-1 -> -26)
A: permanent stasis, dig shafts and tunnels, antennae 3, four strong arms
a: Dig, Shaft Self


You were on level 4 of the Dungeon.
You visited 1 branch of the dungeon, and saw 4 of its levels.

You collected 153 gold pieces.

Inventory:

Hand Weapons
 a - a +0 war axe
 l - the +4 whip of the Singing King (weapon) {holy, rF+ SInv}
   (You found it on level 2 of the Dungeon)

   rF+:       It protects you from fire.
   SInv:      It lets you see invisible.
 w - a +2 flail of protection
 y - a +3 heavy flail
Armour
 b - a +0 scale mail
 c - a +0 buckler (worn)
 i - a +0 plate armour (worn)
 o - a scarf of resistance (worn)
 p - an orb of light
Jewellery
 g - a ring of protection from cold (left hand)
Wands
 q - a wand of acid (6) (quivered)
 v - a wand of iceblast (12)
Scrolls
 f - 2 scrolls of fog {unknown}
 h - a scroll of immolation {unknown}
 j - 2 scrolls of identify {unknown}
 n - 4 scrolls of teleportation {unknown}
 r - 3 scrolls of vulnerability {unknown}
 s - a scroll of revelation {unknown}
 t - a scroll of noise {unknown}
Potions
 d - a potion of might
 e - 2 potions of curing {unknown}
 k - a potion of mutation {unknown}
 m - 2 potions of lignification {unknown}
 u - 2 potions of brilliance {unknown}
 x - a potion of attraction {unknown}
 z - a potion of enlightenment {unknown}


   Skills:
 + Level 4.7 Fighting
 + Level 3.4(4.3) Axes
 + Level 3.9(4.5) Maces & Flails
 + Level 5.4 Armour
 + Level 0.4 Dodging
 + Level 5.1 Shields


You had 6 spell levels left.
You didn't know any spells.
Your spell library contained the following spells:

 Spells                   Type           Power      Damage    Failure   Level
 Magic Dart               Conj           0%         1d3       100%        1
 Shock                    Conj/Air       0%         1d3       100%        1
 Searing Ray              Conj           0%         2d4       100%        2
 Airstrike                Air            0%         2d(0-16)  100%        4
 Fulminant Prism          Conj/Hex       0%         3d5       100%        4
 Swiftness                Air            Unusable   N/A       N/A         3

Dungeon Overview and Level Annotations

Branches:
Dungeon (4/15)
 Temple: D:4-7

Altars:

Annotations:
D:4 Dowan, Duvessa


Innate Abilities, Weirdness & Mutations

You cannot be hasted, slowed, berserked, paralysed or teleported.
You can dig through walls and to a lower floor.
You have a pair of large antennae on your head. (SInv)
Your four strong arms can wield two-handed weapons with a shield.


Message History

You closely miss Duvessa.
Duvessa is heavily wounded.
You feel very sick.
Duvessa hits you with a +7 short sword of venom!
You are more poisoned.
You closely miss Duvessa.
Duvessa is heavily wounded.
You feel very sick. You block Duvessa's attack.
Aiming: Corrosive Bolt
Press: ? - help, Q - select action, (/) - cycle Shift-Dir - straight line, f/p - Duvessa
Aim: Duvessa, wielding a +7 short sword of venom and wearing a +0 leather armour (heavily wounded, fast, 75% to hit)
The bolt of acid hits Duvessa!
The acid corrodes Duvessa!
Duvessa is severely wounded.
The bolt of acid hits the ball python.
The acid corrodes the ball python!
You kill the ball python!
The bolt of acid misses Dowan.
You feel very sick.
Duvessa hits you with a +7 short sword of venom.
You are more poisoned.
Duvessa hits you but does no damage.
You are lethally poisoned!
You hit Duvessa.
Duvessa is almost dead.
You feel extremely sick.
Duvessa hits you with a +7 short sword of venom.
You closely miss Duvessa.
Duvessa is almost dead.
* * * LOW HITPOINT WARNING * * *
You feel very sick.
Duvessa hits you with a +7 short sword of venom.
* * * LOW HITPOINT WARNING * * *
You are more poisoned.
You block Duvessa's attack.
You hit Duvessa.
Duvessa is almost dead.
* * * LOW HITPOINT WARNING * * *
You feel extremely sick.
Duvessa hits you with a +7 short sword of venom.
You die...

#+# #....... ....... ...
+....... .......
...#####.....####.!.....
.......+................
#......#......##.?..S...
#.............##.#....#.
.............###e#.#..#
#...........# #e# # .#
#.....#.....# #@# ..
#.....+..#<.# #.# #
##.....####### #+#
.+.....+ ##.....#
##.....# ##.....#
###'#### ###.#


You could see Duvessa (fast, corroded) and Dowan.

Vanquished Creatures
  Grinder (D:3)
  Edmund (D:4)
  3 hounds (D:4)
  Jessica (D:3)
  An iguana (D:4)
  Ijyb (D:3)
  4 adders
  2 worms
  A dart slug (D:1)
  3 orcs (D:3)
  11 bats
  11 endoplasms
  2 giant cockroaches
  3 goblins
  5 hobgoblins
  11 jackals
  5 kobolds
  3 quokkas
  A ball python (D:4)
  2 frilled lizards
  3 rats
75 creatures vanquished.

Notes
Turn   | Place    | Note
-------+----------+-------------------------------------------
     0 | D:1      | wildpjah the Formicid Fighter began the quest for the Orb.
     0 | D:1      | Reached XP level 1. HP: 18/18 MP: 1/1
   172 | D:1      | Reached XP level 2. HP: 21/24 MP: 2/2
   606 | D:1      | Reached XP level 3. HP: 29/30 MP: 3/3
   781 | D:2      | Identified the +4 whip of the Singing King {holy, rF+ SInv}
   892 | D:2      | Reached XP level 4. HP: 33/37 MP: 4/4
  1374 | D:2      | Identified the staff "Ziacw" {*Slow rPois rF+ rN+++ Str+2
                  | Fire}
  1393 | D:3      | Noticed Ijyb
  1400 | D:3      | Killed Ijyb
  1401 | D:3      | Reached XP level 5. HP: 35/42 MP: 5/5
  1789 | D:3      | Noticed Grinder
  1801 | D:3      | Killed Grinder
  1802 | D:3      | Reached skill level 5 in Shields
  1802 | D:3      | Reached XP level 6. HP: 38/49 MP: 6/6
  1882 | D:3      | Noticed Jessica
  1886 | D:3      | Killed Jessica
  2731 | D:4      | Reached skill level 5 in Armour
  2731 | D:4      | Reached XP level 7. HP: 49/55 MP: 7/7
  2965 | D:4      | Noticed Edmund
  2986 | D:4      | HP: 2/55 [Edmund/+3 heavy flail (9)]
  2988 | D:4      | Killed Edmund
  3203 | D:4      | Noticed Duvessa
  3203 | D:4      | Noticed Dowan
  3220 | D:4      | HP: 2/55 [poisoned by Duvessa]
  3220 | D:4      | Slain by Duvessa

Illustrated notes

Levels and vault maps discovered:
D:1:      eino_arrival_water_cross, layout_basic
D:2:      layout_rooms, minmay_split_cup_large
D:3:      layout_basic, serial_rivers, chequers_serial_rivers_room_b,
          chequers_serial_rivers_micro_a, chequers_serial_rivers_micro_b,
          chequers_serial_rivers_small_3, kennysheep_generic_room_14,
          uniq_grinder, uniq_jessica, uniq_ijyb
D:4:      layout_basic, uniq_duvessa, uniq_edmund

Skill      XL: |  1  2  3  4  5  6  7 |
---------------+----------------------+-----
Axes           | 3 |  3.4
Armour         | 4 5 |  5.4
Fighting       | 4 |  4.7
Maces & Flails | 2 3 |  3.9
Shields        | 5 |  5.1
Dodging        | |  0.4

Action                     |  1- 3 |  4- 6 |  7- 9 || total
---------------------------+-------+-------+-------++-------
  Melee: War axe           |    50 |       |       ||    50
         Whip              |    18 |   106 |    50 ||   174
  Evoke: Wand              |       |       |     2 ||     2
 Armour: Scale mail        |    40 |       |       ||    40
         Plate armour      |    25 |    80 |    33 ||   138
  Dodge: Dodged            |    35 |    26 |     8 ||    69
  Block: Buckler           |    29 |     6 |     7 ||    42

Table legend: (Time is in decaauts)
 A = Elapsed time spent in this place.
 B = Non-inter-level travel time spent in this place.
 C = Inter-level travel time spent in this place.
 D = Time resting spent in this place.
 E = Time spent auto-exploring this place.
 F = Levels seen in this place.
 G = Mean time per level.
                   A        B        C        D        E       F      G
               +--------+--------+--------+--------+--------+-----+--------+
         Total |   3246 |   3067 |    179 |      0 |   2541 |   4 |  811.5 |
       Dungeon |   3246 |   3067 |    179 |      0 |   2541 |   4 |  811.5 |
               +--------+--------+--------+--------+--------+-----+--------+

Top non-repeatable levels by time:
     D:3: 1289 daAuts
     D:1: 725 daAuts
     D:2: 712 daAuts
     D:4: 519 daAuts
